 Dungeon Crawl Stone Soup version 0.17.1-1-g73c8601 (webtiles) character file.

1103 Goblin1989 the Covert (level 8, -1/38 HPs)
             Began as a Vine Stalker Assassin on Jan 7, 2016.
             Was an Initiate of Dithmenos.
             Slain by Eustachio
             ... wielding a +0 rapier
              (3 damage)
             ... on level 6 of the Dungeon.
             The game lasted 00:20:05 (4103 turns).

Goblin1989 the Covert (Vine Stalker Assassin)       Turns: 4103, Time: 00:20:05

Health: -1/38      AC:  3    Str: 14 (15) XL:     8   Next: 32%
Magic:  0/9        EV: 11    Int: 11      God:    Dithmenos [......]
Gold:   303        SH:  0    Dex: 17      Spells: 1 memorised, 1 level left

rFire  . . .     SeeInvis .     a - +2 dagger (venom)
rCold  . . .     Clarity  .     c - +0 robe
rNeg   . . .     SustAt   .     (no shield)
rPois  .         Gourm    .     (no helmet)
rElec  .         Spirit   +     d - +0 cloak
rCorr  .         Warding  .     (no gloves)
rMut   .         Stasis   .     (no boots)
MR     +++..                    (no amulet)
Stlth  ++++......               (no ring)
                                i - ring of protection from magic

@: extremely resistant to hostile enchantments, stealthy
A: fangs 3, deterioration 1, magic resistance 1, regeneration 2, magic shield,
antimagic bite, no device heal 3, rot immunity
a: Renounce Religion


You were on level 6 of the Dungeon.
You worshipped Dithmenos.
Dithmenos was noncommittal.
You were very hungry.

You visited 1 branch of the dungeon, and saw 6 of its levels.

You collected 303 gold pieces.

Inventory:

Hand Weapons
 a - a +2 dagger of venom (weapon)
 b - a +0 blowgun
Armour
 c - a +0 robe (worn)
 d - a +0 cloak (worn)
 w - a +0 buckler
Jewellery
 i - a ring of protection from magic (left hand)
 l - a +5 ring of strength {unknown}
 z - an uncursed amulet of guardian spirit {unknown}
Wands
 s - a wand of hasting (2)
 u - a wand of digging (0)
Scrolls
 h - 3 scrolls of remove curse {unknown}
 m - a scroll of teleportation {unknown}
 x - 4 scrolls of magic mapping {unknown}
 A - 3 scrolls of identify {unknown}
 D - a scroll of recharging {unknown}
 E - 2 scrolls of fog {unknown}
 F - a scroll of enchant weapon {unknown}
 G - a scroll of amnesia {unknown}
 H - a scroll of enchant armour {unknown}
 J - a scroll of random uselessness {unknown}
 L - a scroll of fear {unknown}
Potions
 j - a potion of ambrosia {unknown}
 n - a potion of resistance {unknown}
 o - a potion of lignification {unknown}
 q - a potion of heal wounds {unknown}
 r - 3 potions of curing {unknown}
 t - 2 potions of brilliance {unknown}
 v - a potion of haste {unknown}
 C - a potion of magic {unknown}
 I - a potion of berserk rage {unknown}
 M - a potion of mutation {unknown}
 N - a potion of cancellation {unknown}
Books
 y - a book of Unlife

   Spells                             Type                      Level
   a - Recall                         Summoning/Translocation      3
   b - Animate Dead                   Necromancy                   4
   c - Control Undead                 Necromancy                   4
   d - Cigotuvi's Embrace             Necromancy                   5
   e - Death Channel                  Necromancy                   6
   f - Simulacrum                     Ice/Necromancy               6
Comestibles
 g - 3 bread rations
 k - a slice of pizza
 p - 4 fruits
 B - 2 beef jerkies
 K - a meat ration


   Skills:
 - Level 1.7 Fighting
 * Level 7.4 Short Blades
 - Level 1.7 Throwing
 - Level 0.7 Dodging
 + Level 8.5 Stealth


You had one spell level left.
You knew the following spells:

 Your Spells              Type           Power        Failure   Level  Hunger
a - Death Channel         Necr           #.........   100%        6    #######


Dungeon Overview and Level Annotations

Branches:
Dungeon (6/15)             Temple (0/1) D:6

Altars:
Dithmenos
Makhleb
Ru

Annotations:
D:4 Bubs's ghost, amateur DsAK
D:6 Eustachio


Innate Abilities, Weirdness & Mutations

You have razor-sharp teeth.
You heal very quickly.
When hurt, damage is shared between your health and your magic reserves.
Your bite disrupts and absorbs the magic of your enemies.
Potions and wands cannot restore your health.
You are immune to rotting.
Your body sometimes deteriorates upon taking damage.
You are resistant to hostile enchantments.


Message History

Eustachio mumbles some strange words.
The quokka closely misses you. The ufetubus completely misses you.
The ufetubus misses you.
The ufetubus disappears in a puff of smoke!
The white imp gestures at you. The puff of frost hits you!
* * * LOW HITPOINT WARNING * * *
The rat closely misses you.
The crimson imp blinks!
Eustachio hits you with a rapier.
* * * LOW HITPOINT WARNING * * *
You hit Eustachio but do no damage.
Eustachio is severely wounded.
The quokka closely misses you. The rat closely misses you.
Unknown command.
You hit Eustachio.
Eustachio is almost dead.
The quokka closely misses you.
Eustachio yells, "Perjured traitor, DIE!"
Eustachio hits you with a rapier.
You die...

#.............#..#
#.............#..#
#.............'..#
#.............#..#
#+#####.............####
....:...((.####.......##
.........(....#.......'.
..(...5#r(.#..#.......#.
......@@#.#...+.......#.
....(..5r>...##.......##
...#+#..#.#..#...(######
. #...#...#.#....# #.
#.........+....# #.
#.....#...#....# ..#.
#.....#...#....# ..#.
########..#....###.##
..####..#......#.##


You could see Eustachio, a crimson imp, a white imp, a quokka and a rat.

Vanquished Creatures
  Duvessa (D:4)
  A sky beast (D:5)
  An ogre (D:5)
  A phantom (D:5)
  A centaur (D:6)
  A giant frog (D:5)
  Dowan (D:4)
  2 scorpions (D:4)
  A crimson imp (D:4)
  Ijyb (D:2)
  A centaur skeleton (D:4)
  Natasha (thrice) (D:2)
  3 iguanas
  2 orc wizards
  A worker ant (D:4)
  9 adders
  A worm (D:2)
  An adder skeleton (D:4)
  A giant gecko (D:4)
  13 orcs
  9 bats
  3 giant cockroaches
  16 goblins
  5 hobgoblins
  A quokka (D:5)
  2 ball pythons
  A giant gecko skeleton (D:4)
  A giant newt (D:4)
  2 jackals (D:3)
  6 kobolds
  6 rats
98 creatures vanquished.

Notes
Turn   | Place    | Note
--------------------------------------------------------------
     0 | D:1      | Goblin1989 the Vine Stalker Assassin began the quest for the Orb.
     0 | D:1      | Reached XP level 1. HP: 11/11 MP: 2/2
    67 | D:1      | Reached skill level 5 in Stealth
   179 | D:1      | Reached XP level 2. HP: 13/15 MP: 3/3
   430 | D:1      | Reached XP level 3. HP: 7/18 MP: 2/4
   969 | D:2      | Noticed Natasha
   980 | D:2      | Killed Natasha
   980 | D:2      | Reached XP level 4. HP: 12/23 MP: 5/5
  1180 | D:2      | Noticed Ijyb
  1215 | D:2      | Killed Ijyb
  1298 | D:2      | Noticed Natasha
  1304 | D:2      | Killed Natasha
  1304 | D:2      | Reached XP level 5. HP: 20/26 MP: 4/6
  1511 | D:2      | Noticed Natasha
  1520 | D:2      | Killed Natasha
  1683 | D:3      | Reached skill level 6 in Stealth
  2378 | D:4      | Noticed Duvessa
  2391 | D:4      | Killed Duvessa
  2391 | D:4      | Reached skill level 5 in Short Blades
  2391 | D:4      | Gained mutation: You heal very quickly. [Vine Stalker growth]
  2391 | D:4      | Reached XP level 6. HP: 30/30 MP: 7/7
  2404 | D:4      | Noticed Dowan
  2414 | D:4      | Killed Dowan
  2492 | D:4      | Noticed Bubs's ghost (amateur DsAK)
  2570 | D:4      | Reached skill level 7 in Stealth
  2581 | D:3      | Reached XP level 7. HP: 31/34 MP: 6/8
  2918 | D:5      | Entered Level 5 of the Dungeon
  3075 | D:5      | Reached skill level 8 in Stealth
  3079 | D:5      | Gained mutation: Your body sometimes deteriorates upon taking damage. [mutagenic meat]
  3080 | D:5      | Gained mutation: You are resistant to hostile enchantments. [mutagenic meat]
  3118 | D:5      | Gained mutation: You have razor-sharp teeth. [Vine Stalker growth]
  3118 | D:5      | Reached XP level 8. HP: 23/38 MP: 6/9
  3157 | D:5      | Found a sacrificial altar of Ru.
  3157 | D:5      | Found a shadowy altar of Dithmenos.
  3158 | D:5      | Found a burning altar of Makhleb.
  3165 | D:5      | Became a worshipper of Dithmenos the Shadowed
  3834 | D:5      | Learned a level 6 spell: Death Channel
  3883 | D:5      | Noticed a moth of wrath
  4075 | D:6      | Found a staircase to the Ecumenical Temple.
  4079 | D:6      | Noticed Eustachio
  4101 | D:6      | HP: 1/38 [Eustachio/rapier (2)]
  4103 | D:6      | Slain by Eustachio

Action                   |  1- 3 |  4- 6 |  7- 9 || total
-------------------------+-------+-------+-------++-------
Melee: Dagger            |    80 |   141 |    85 ||   306
 Fire: Blowgun           |     2 |    40 |    17 ||    59
 Stab: Sleeping          |     5 |    14 |     7 ||    26
       Distracted        |       |       |     1 ||     1
  Eat: Chunk             |       |     5 |     6 ||    11
